 Dungeon Sprint DCSS version 0.29-a0-620-g13ace881f2 (webtiles) character file.

Game seed: 5326253658728752781

426 rocky1 the Ruffian (level 6, -13/68 HPs)
             Began as a Troll Monk on June 19, 2022.
             Was an Elder of Okawaru.
             Mangled by a komodo dragon (17 damage)
             ... in the Dungeon (Sprint VII: "The Pits").
             The game lasted 00:01:57 (394 turns).

rocky1 the Ruffian (Troll Monk)                      Turns: 394, Time: 00:01:58

Health: -13/68     AC:  4    Str: 22    XL:     6   Next: 64%
Magic:  7/9        EV: 14    Int:  6    God:    Okawaru [****..]
Gold:   0          SH:  0    Dex: 12    Spells: 5/5 levels left

rFire   . . .      SeeInvis .     - Unarmed
rCold   . . .      Faith    .   (no shield)
rNeg    . . .      Spirit   .   a - +0 robe
rPois   .          Reflect  .   (helmet restricted)
rElec   .          Harm     .   (no cloak)
rCorr   .          Rampage  .   (gloves unavailable)
Will    .....      NoTele   +   (boots unavailable)
Stlth   +++.......              (no amulet)
HPRegen 1.01/turn               (no ring)
MPRegen 0.11/turn               (no ring)

@: heroic
A: large, unfitting armour, claws 3, regeneration 1, shaggy fur 1, tough skin 1
a: Renounce Religion, Heroism, Finesse


You were in the Dungeon.
You worshipped Okawaru.
Okawaru was greatly pleased with you.
You visited 1 branch

Inventory:

Armour
 a - a +0 robe (worn)
Scrolls
 h - a scroll of blinking
 j - 5 scrolls of amnesia
Potions
 b - a potion of ambrosia
 c - 7 potions of curing
 d - 6 potions of heal wounds
 e - a potion of haste
 f - 4 potions of magic
 g - 3 potions of berserk rage
 i - 2 potions of invisibility


   Skills:
 + Level 6.5(11.5) Fighting
 + Level 6.5(11.5) Dodging
 - Level 1.0(6.0) Stealth
 + Level 7.8(12.8) Unarmed Combat
 + Level 6.3 Invocations


You had 5 spell levels left.
You didn't know any spells.
Your spell library was empty.

Dungeon Overview and Level Annotations

Branches:
Dungeon (1/1)

Altars:
Ashenzari
Cheibriados
Dithmenos
Elyvilon
Fedhas
Gozag
Hepliaklqana
Kikubaaqudgha
Makhleb
Nemelex Xobeh
Okawaru
Qazlal
Ru
Sif Muna
Trog
Uskayaw
Vehumet
Wu Jian
Xom
Yredelemnul
Zin
The Shining One
Beogh
Jiyva
Lugonu


Innate Abilities, Weirdness & Mutations

You are too large for most types of armour.
You have claws for hands.
Your natural rate of healing is unusually fast.
You are covered in fur. (AC +1)
You have tough skin. (AC +1)


Message History

You scratch Jessica.
You kill Jessica!
Okawaru accepts your kill.
No target in view!
c - 7 potions of curing (gained 1)
Things that are here:
a +0 club; a +0 robe; the human corpse of Jessica You open the door.
A komodo dragon comes into view.
The komodo dragon hisses angrily.
You gain the combat prowess of a mighty hero.
The komodo dragon bites you!
You scratch the komodo dragon.
You claw the komodo dragon, but do no damage.
The komodo dragon is lightly wounded.
The komodo dragon bites you!!
You scratch the komodo dragon but do no damage.
The komodo dragon is lightly wounded.
You scratch the komodo dragon but do no damage.
The komodo dragon is lightly wounded.
The komodo dragon closely misses you.
You mangle the komodo dragon!!
The komodo dragon is heavily wounded.
The komodo dragon bites you!
You scratch the komodo dragon.
The komodo dragon is heavily wounded.
The komodo dragon closely misses you.
You barely miss the komodo dragon.
The komodo dragon is heavily wounded.
The komodo dragon misses you.
You claw the komodo dragon!
The komodo dragon is severely wounded.
You scratch the komodo dragon but do no damage.
The komodo dragon is severely wounded.
The komodo dragon bites you!!
* * * LOW HITPOINT WARNING * * *
You scratch the komodo dragon.
The komodo dragon is almost dead.
The komodo dragon bites you!
You die...

#.#........##.......#
#'###########.......#
#.......# #########
#...#...# #...#)..#
#.##.##.#+#
#...#...#.+
#...#...#l#
#.......'@#
###########


You could see a komodo dragon.

Vanquished Creatures
  A water moccasin (D)
  A floating eye (D)
  A sky beast (D)
  An ogre (D)
  Jessica (D)
  An adder (D)
  An endoplasm (D)
  A giant cockroach (D)
  2 quokkas (D)
  A bat (D)
  2 goblins (D)
  2 kobolds (D)
  A rat (D)
16 creatures vanquished.

Notes
Turn   | Place    | Note
-------+----------+-------------------------------------------
     0 | D        | rocky1 the Troll Monk began the quest for the Orb.
     0 | D        | Reached XP level 1. HP: 22/22 MP: 0/0
    24 | D        | Found a bloodstained altar of Trog.
    24 | D        | Found a shimmering blue altar of Sif Muna.
    24 | D        | Found a viscous altar of Jiyva.
    24 | D        | Found a hazy altar of Hepliaklqana.
    24 | D        | Found an opulent altar of Gozag.
    25 | D        | Found a glowing golden altar of the Shining One.
    25 | D        | Found a glowing silver altar of Zin.
    25 | D        | Found a basalt altar of Yredelemnul.
    25 | D        | Found a shimmering altar of Xom.
    25 | D        | Found an ornate altar of the Wu Jian Council.
    25 | D        | Found a sacrificial altar of Ru.
    25 | D        | Found a stormy altar of Qazlal.
    25 | D        | Found an iron altar of Okawaru.
    25 | D        | Found a sparkling altar of Nemelex Xobeh.
    25 | D        | Found a burning altar of Makhleb.
    25 | D        | Found a blossoming altar of Fedhas.
    25 | D        | Found a white marble altar of Elyvilon.
    25 | D        | Found a shadowy altar of Dithmenos.
    25 | D        | Found a snail-covered altar of Cheibriados.
    29 | D        | Found a corrupted altar of Lugonu.
    29 | D        | Found a radiant altar of Vehumet.
    30 | D        | Found a broken altar of Ashenzari.
    30 | D        | Found an ancient bone altar of Kikubaaqudgha.
    30 | D        | Found a hide-covered altar of Uskayaw.
    37 | D        | Became a worshipper of Warmaster Okawaru
    37 | D        | Reached * piety under Okawaru
    37 | D        | Reached ** piety under Okawaru
    74 | D        | Noticed a floating eye
    77 | D        | Paralysed by a floating eye for 2 turns
    80 | D        | Killed a floating eye
    80 | D        | Reached *** piety under Okawaru
    81 | D        | Reached skill level 5 in Unarmed Combat
    81 | D        | Reached XP level 2. HP: 33/33 MP: 0/3
    81 | D        | Reached XP level 3. HP: 40/40 MP: 0/4
    81 | D        | Reached XP level 4. HP: 49/49 MP: 0/5
   153 | D        | Noticed a sky beast
   175 | D        | Killed a sky beast
   176 | D        | Reached skill level 5 in Fighting
   176 | D        | Reached skill level 5 in Dodging
   176 | D        | Reached skill level 6 in Unarmed Combat
   176 | D        | Reached XP level 5. HP: 16/57 MP: 3/7
   328 | D        | Noticed a water moccasin
   329 | D        | Noticed an ogre
   335 | D        | Killed a water moccasin
   336 | D        | Reached skill level 7 in Unarmed Combat
   336 | D        | Reached skill level 5 in Invocations
   336 | D        | Reached XP level 6. HP: 66/67 MP: 7/9
   346 | D        | Reached **** piety under Okawaru
   378 | D        | Noticed Jessica
   381 | D        | Killed Jessica
   384 | D        | Noticed a komodo dragon
   394 | D        | Mangled by a komodo dragon

Illustrated notes

Levels and vault maps discovered:
D:        pitsprint [storerooms_1, entrance_room_1, metal_vault_1, armoury_3,
          mini_pit_1, grid_room_1, main_hall_1, silver_pit, the_coven_3,
          the_vestibule_1, steel_vault_3, golden_pit, hallway_of_sentries,
          crystal_vault_1, iron_vault_4, final_vault]

Skill      XL: |  1  2  3  4  5  6 |
---------------+-------------------+-----
Fighting       | 4 5 6 |  6.5
Dodging        | 4 5 6 |  6.5
Unarmed Combat | 5 6 7 |  7.8
Invocations    | 3 4 5 6 |  6.3
Stealth        | |  1.0

Action                   |  1- 3 |  4- 6 || total
-------------------------+-------+-------++-------
Melee: Unarmed           |     7 |    49 ||    56
       Punch             |       |     1 ||     1
Invok: Heroism           |       |     3 ||     3
 Stab: Sleeping          |       |     2 ||     2
Armor: Robe              |     1 |    15 ||    16
Dodge: Dodged            |     2 |    30 ||    32

Table legend: (Time is in decaauts)
 A = Elapsed time spent in this place.
 B = Non-inter-level travel time spent in this place.
 C = Inter-level travel time spent in this place.
 D = Time resting spent in this place.
 E = Time spent auto-exploring this place.
 F = Levels seen in this place.
 G = Mean time per level.
                   A        B        C        D        E       F      G
               +--------+--------+--------+--------+--------+-----+--------+
         Total |    385 |    365 |     20 |    162 |     17 |   1 |  385.0 |
       Dungeon |    385 |    365 |     20 |    162 |     17 |   1 |  385.0 |
               +--------+--------+--------+--------+--------+-----+--------+

Top non-repeatable levels by time:
       D: 385 daAuts
